 Dungeon Crawl Stone Soup version 0.29-a0-284-gf9362112df (webtiles) character file.

Game seed: 11424114623919980011

328 Zonian the Chiller (level 6, -1/61 HPs)
             Began as a Demonspawn Ice Elementalist on Mar 19, 2022.
             Slain by a two-headed ogre
             ... wielding a +0 giant club
              (10 damage)
             ... on level 5 of the Dungeon.
             The game lasted 00:11:33 (7375 turns).

Zonian the Chiller (Demonspawn Ice Elementalist)    Turns: 7375, Time: 00:11:36

Health: -1/61      AC: 13    Str:  8    XL:     6   Next: 25%
Magic:  1/11       EV: 13    Int: 19    God:
Gold:   263        SH:  0    Dex: 19    Spells: 4/11 levels left

rFire   . . .      SeeInvis .   c - +2 dagger (venom)
rCold   + + .      Faith    .   (no shield)
rNeg    . . .      Spirit   .   a - +0 robe
rPois   .          Reflect  .   (no helmet)
rElec   .          Harm     .   y - scarf {rC+ rF+}
rCorr   .          Rampage  .   (no gloves)
Will    .....                   s - +1 pair of boots
Stlth   ..........              (no amulet)
HPRegen 0.20/turn               d - +6 ring of dexterity
MPRegen 0.12/turn               k - ring of ice

@: berserking, ice-armoured, freezing walls, very quick
A: thin metallic scales 1, demonic guardian 2, demonic touch 1
a: no special abilities


You were on level 5 of the Dungeon.
You visited 1 branch of the dungeon, and saw 5 of its levels.

You collected 263 gold pieces.

Inventory:

Hand Weapons
 c - a +2 dagger of venom (weapon)
 f - the +7 hand crossbow of Purpose {elec, rElec MP+9 Int-2 SInv}
   (You found it on level 2 of the Dungeon)

   Any ammunition fired from it occasionally discharges a powerful burst of
   electricity upon striking a foe.
   Int:       It affects your intelligence (-2).
   rElec:     It insulates you from electricity.
   MP:        It affects your magic capacity (+9).
   SInv:      It lets you see invisible.
 h - a +0 long sword
 t - a +0 vorpal hand axe
 u - a +4 dagger
Missiles
 i - 4 boomerangs
 j - 2 throwing nets
 B - 6 atropa-tipped darts
Armour
 a - a +0 robe (worn)
 o - a +0 cloak
 q - a +0 buckler
 s - a +1 pair of boots (worn)
 y - a scarf of resistance (worn)
Jewellery
 d - a +6 ring of dexterity (left hand)
 k - a ring of ice (right hand)
 x - a ring of wizardry
Wands
 r - a wand of flame (14)
Scrolls
 g - a scroll of amnesia
 l - a scroll of enchant weapon
 v - a scroll of vulnerability
Potions
 b - a potion of magic
 e - a potion of berserk rage
 m - a potion of mutation
 n - a potion of resistance
 p - a potion of lignification {unknown}
 z - a potion of ambrosia {unknown}
 A - a potion of attraction {unknown}
 D - a potion of might


   Skills:
 + Level 3.3 Dodging
 + Level 3.5 Stealth
 + Level 3.4 Spellcasting
 + Level 4.6 Ice Magic


You had 4 spell levels left.
You knew the following spells:

 Your Spells              Type           Power      Damage    Failure   Level
a - Freeze                Ice            100%       1d11      2%          1
b - Frozen Ramparts       Ice            62%        1d8       6%          3
c - Ozocubu's Armour      Ice            31%        N/A       6%          3

Your spell library contained the following spells:

 Spells                   Type           Power      Damage    Failure   Level
 Confusing Touch          Hex            3%         N/A       41%         3
 Hailstorm                Conj/Ice       18%        3d6       50%         4
 Yara's Violent Unravell  Hex/Tmut       1%         3d3       99%         5
 Enfeeble                 Hex            1%         N/A       100%        7


Dungeon Overview and Level Annotations

Branches:
Dungeon (5/15)
 Temple: D:4-7

Altars:

Shops:
D:2 :

Annotations:
D:5 Sigmund


Innate Abilities, Weirdness & Mutations

You are partially covered in thin metallic scales. (AC +2)
A demonic guardian rushes to your aid.
Your touch may inflict minor irresistible damage on your foes.


Message History

The wall freezes the two-headed ogre.
Unknown command.
Casting: Ozocubu's Armour (dangerous; 6% risk of failure)
Confirm with . or Enter, or press ? or * to list all spells.
Aiming: Freeze (safe; 2% risk of failure)
Press: ? - help, Shift-Dir - straight line, f - two-headed ogre
Aim: a two-headed ogre, wielding a +0 giant club and a +0 dire flail (moderately wounded)
You feel a surge of power!
You freeze the two-headed ogre.
The two-headed ogre is moderately wounded.
The wall freezes the two-headed ogre.
The two-headed ogre hits you with a +0 giant club!
A demonic guardian appears!
The two-headed ogre barely misses you.
Casting: Freeze (safe; 2% risk of failure)
Confirm with . or Enter, or press ? or * to list all spells.
Aiming: Freeze (safe; 2% risk of failure)
Press: ? - help, Shift-Dir - straight line, f/p - two-headed ogre
Aim: a two-headed ogre, wielding a +0 giant club and a +0 dire flail (moderately wounded, ally target)
Okay, then.
Casting: Freeze (safe; 2% risk of failure)
Confirm with . or Enter, or press ? or * to list all spells.
You feel a surge of power!
Your icy armour thickens.
The wall freezes the two-headed ogre.
The two-headed ogre hits you with a +0 giant club!
The two-headed ogre hits you with a +0 dire flail!
Unknown command.
Okay, then.
A red film seems to cover your vision as you go berserk!
You feel yourself moving faster!
You feel mighty!
A centaur comes into view.
Your orange demon stings the two-headed ogre from afar.
The two-headed ogre looks as sick as possible!
Your orange demon poisons the two-headed ogre!
You barely miss the two-headed ogre.
The two-headed ogre is heavily wounded.
The wall freezes the two-headed ogre.
The two-headed ogre hits you with a +0 giant club!
* * * LOW HITPOINT WARNING * * *
A demonic guardian appears!
The two-headed ogre hits you with a +0 dire flail!
You die...

# # .. ## # ... ..
######### # ...###.
#.......# # #......
#.......# # +......
#.......# #
#..c...######.......######
#.......O@44'.......'.....
#.......#####.......###...
#######..#...#....#####...
...(.........'........'...
########.#...#.....####...
#.#...#.....# #...
#.....#.....# ####
##.####.....# #..........#


You could see a two-headed ogre (extremely poisoned, ally target), a centaur, a
friendly orange demon (summoned) and a friendly ice devil (summoned).

Vanquished Creatures
  Blork the orc (D:5)
  An orc priest (D:5)
  A hound (D:4)
  A jelly (D:5)
  An orc wizard (D:3)
  4 gnolls
  4 adders
  2 worms (D:2)
  A dart slug (D:2)
  8 orcs
  5 ball pythons
  7 endoplasms
  2 giant cockroaches
  7 goblins
  A hobgoblin (D:4)
  4 jackals
  6 bats
  A frilled lizard (D:1)
  8 kobolds
  2 rats (D:3)
67 creatures vanquished.

Vanquished Creatures (collateral kills)
  2 orcs (D:3)
  2 jackals (D:3)
  A frilled lizard (D:3)
5 creatures vanquished.

Grand Total: 72 creatures vanquished

Notes
Turn   | Place    | Note
-------+----------+-------------------------------------------
     0 | D:1      | Zonian the Demonspawn Ice Elementalist began the quest for
                  | the Orb.
     0 | D:1      | Reached XP level 1. HP: 13/13 MP: 3/3
    65 | D:1      | You fall into a shaft and drop 1 floor!
   568 | D:2      | Identified the +7 hand crossbow of Purpose {elec, rElec
                  | MP+9 Int-2 SInv}
   922 | D:2      | Gained mutation: A weak demonic guardian rushes to your
                  | aid. [demonic ancestry]
   922 | D:2      | Reached XP level 2. HP: 19/19 MP: 5/5
   934 | D:2      | Found Wipid's Book Shop.
  1950 | D:2      | Reached XP level 3. HP: 23/24 MP: 6/6
  2695 | D:3      | Reached skill level 4 in Ice Magic
  2740 | D:3      | Found a faded altar of an unknown god.
  3022 | D:3      | Gained mutation: You are partially covered in thin metallic
                  | scales. (AC +2) [demonic ancestry]
  3022 | D:3      | Reached XP level 4. HP: 8/30 MP: 5/7
  4083 | D:4      | Learned a level 3 spell: Frozen Ramparts
  4087 | D:4      | Learned a level 3 spell: Ozocubu's Armour
  5083 | D:4      | Gained mutation: Your touch may inflict minor irresistible
                  | damage on your foes. [demonic ancestry]
  5083 | D:4      | Reached XP level 5. HP: 35/35 MP: 4/9
  6248 | D:5      | Entered Level 5 of the Dungeon
  6248 | D:5      | Noticed Sigmund
  6847 | D:5      | Noticed Blork the orc
  6859 | D:5      | Killed Blork the orc
  6860 | D:5      | Gained mutation: A demonic guardian rushes to your aid.
                  | [demonic ancestry]
  6860 | D:5      | Reached XP level 6. HP: 28/41 MP: 6/10
  7366 | D:5      | Noticed a two-headed ogre
  7375 | D:5      | Slain by a two-headed ogre

Illustrated notes

Levels and vault maps discovered:
D:1:      amcnicky_arrival_gap_in_the_tavern_cellar, layout_rooms,
          ebering_dispersal_statue_hall
D:2:      layout_basic, serial_curves, eino_curves_02, eino_curves_02,
          serial_shops, shop
D:3:      layout_basic, hellmonk_ecumenical_altar_pennies_from_heaven,
          minmay_surrounded
D:4:      layout_basic, st_stairs_3, minivault_23, nicolae_figureground_pulse
D:5:      layout_basic, uniq_sigmund, uniq_blork_the_orc

Skill      XL: |  1  2  3  4  5 |
---------------+----------------+-----
Stealth        | 2 3 |  3.5
Dodging        | 2 3 |  3.3
Ice Magic      | 4 |  4.6
Spellcasting   | 3 |  3.4

Action                   |  1- 3 |  4- 6 || total
-------------------------+-------+-------++-------
Melee: Dagger            |    72 |    70 ||   142
       Unarmed           |     2 |       ||     2
       Touch             |       |     3 ||     3
 Cast: Freeze            |    14 |    11 ||    25
       Frozen Ramparts   |       |     4 ||     4
       Ozocubu's Armour  |       |     2 ||     2
Evoke: Wand              |       |     2 ||     2
  Use: Potion            |     1 |     1 ||     2
       Scroll            |       |    12 ||    12
 Stab: Sleeping          |     5 |     2 ||     7
Armor: Robe              |    15 |    26 ||    41
Dodge: Dodged            |    62 |    39 ||   101

Table legend: (Time is in decaauts)
 A = Elapsed time spent in this place.
 B = Non-inter-level travel time spent in this place.
 C = Inter-level travel time spent in this place.
 D = Time resting spent in this place.
 E = Time spent auto-exploring this place.
 F = Levels seen in this place.
 G = Mean time per level.
                   A        B        C        D        E       F      G
               +--------+--------+--------+--------+--------+-----+--------+
         Total |   7385 |   7302 |     83 |   3644 |   2417 |   5 | 1477.0 |
       Dungeon |   7385 |   7302 |     83 |   3644 |   2417 |   5 | 1477.0 |
               +--------+--------+--------+--------+--------+-----+--------+

Top non-repeatable levels by time:
     D:4: 2232 daAuts
     D:2: 1809 daAuts
     D:3: 1426 daAuts
     D:5: 1100 daAuts
     D:1: 818 daAuts
